 Dungeon Crawl Stone Soup version 0.28-a0-883-gc8d7bad45d (webtiles) character file.

Game seed: 6098241206036595311

82 horus123 the Gusty (level 4, 0/24 HPs)
             Began as a Tengu Air Elementalist on Nov 22, 2021.
             Succumbed to a water moccasin's poison
             ... on level 3 of the Dungeon.
             The game lasted 00:05:22 (2834 turns).

horus123 the Gusty (Tengu Air Elementalist)         Turns: 2834, Time: 00:05:22

Health: 0/24       AC:  2    Str: 10    XL:     4   Next: 43%
Magic:  0/8        EV: 12    Int: 15    God:
Gold:   103        SH:  5    Dex: 14    Spells: 1/7 levels left

rFire   . . .      SeeInvis .   (no weapon)
rCold   . . .      Faith    .   e - +0 buckler
rNeg    . . .      Spirit   .   a - +0 robe
rPois   .          Reflect  .   (helmet restricted)
rElec   .          Harm     .   (no cloak)
rCorr   .          Rampage  .   (no gloves)
Will    .....                   (boots unavailable)
Stlth   ++........              (no amulet)
HPRegen 0.08/turn               (no ring)
MPRegen 0.11/turn               (no ring)

@: lethally poisoned (0 -> -2), invisible
A: beak, talons 3
a: no special abilities


You were on level 3 of the Dungeon.
You visited 1 branch of the dungeon, and saw 3 of its levels.

You collected 103 gold pieces.

Inventory:

Hand Weapons
 g - a +1 dagger of draining
Armour
 a - a +0 robe (worn)
 e - a +0 buckler (worn)
Jewellery
 f - a ring of willpower
Scrolls
 c - 2 scrolls of teleportation
 d - a scroll of noise {unknown}
Potions
 b - a potion of lignification


   Skills:
 - Level 2.2 Dodging
 - Level 2.2 Stealth
 + Level 3.1 Shields
 - Level 2.1 Spellcasting
 - Level 1.4 Conjurations
 - Level 4.7 Air Magic


You had one spell level left.
You knew the following spells:

 Your Spells              Type           Power      Damage    Failure   Level
a - Shock                 Conj/Air       40%        1d5       7%          1
b - Static Discharge      Conj/Air       10%        N/A       11%         2
c - Swiftness             Air            15%        N/A       11%         3

Your spell library contained the following spells:

 Spells                   Type           Power      Damage    Failure   Level
 Foxfire                  Conj/Fire      12%        2x1d4     19%         1
 Airstrike                Air            7%         N/A       34%         4
 Conjure Flame            Conj/Fire      3%         6-21      47%         3
 Inner Flame              Hex/Fire       1%         N/A       58%         3
 Flame Wave               Conj/Fire      3%         3d3       87%         4


Dungeon Overview and Level Annotations

Branches:
Dungeon (3/15)

Altars:


Innate Abilities, Weirdness & Mutations

You have a beak for a mouth.
You have claws for feet.


Message History

You are struck by an arc of lightning.
The lightning grounds out.
The water moccasin barely misses you.
A goblin comes into view. It is wielding a +0 dagger.
Casting: Static Discharge (safe; 11% risk of failure)
Confirm with . or Enter, or press ? or * to list all spells.
You don't have enough magic to cast this spell.
Casting: Static Discharge (safe; 11% risk of failure)
Confirm with . or Enter, or press ? or * to list all spells.
You don't have enough magic to cast this spell.
The water moccasin bites you.
You are lethally poisoned!
The water moccasin poisons you!
The water moccasin bites you but does no damage.
It was a potion of invisibility.
You fade into invisibility!
You feel very sick. The water moccasin barely misses you.
You feel sick. The water moccasin bites you.
* * * LOW HITPOINT WARNING * * *
You feel sick.
* * * LOW HITPOINT WARNING * * *
You feel sick.
* * * LOW HITPOINT WARNING * * *
You feel sick. The water moccasin closely misses you.
Aiming: Shock (safe; 7% risk of failure)
Press: ? - help, Q - select action, (/) - cycle Shift-Dir - straight line, f/p - water moccasin
Aim: a water moccasin (heavily wounded, 48% to hit)
The zap hits the water moccasin.
The water moccasin is severely wounded.
* * * LOW HITPOINT WARNING * * *
You feel sick. The water moccasin barely misses you.
Aiming: Shock (safe; 7% risk of failure)
Press: ? - help, Q - select action, (/) - cycle Shift-Dir - straight line, f/p - water moccasin
Aim: a water moccasin (severely wounded, 48% to hit)
The zap misses the water moccasin.
* * * LOW HITPOINT WARNING * * *
You feel sick. The water moccasin barely misses you.
* * * LOW HITPOINT WARNING * * *
You feel sick.
You die...

.#.# #..... .#.# #.....
.#.# #....# ...# #...l#
#..###..l.#
#..#......####
##.#.........#
##>#########.###########
..............S.@.......
##########.#.###########
...#.# #.#.#.# #.#.#.# #
#.#.# #.#.# ..#.#


You could see a water moccasin.

Vanquished Creatures
  4 adders
  An ufetubus (D:2)
  3 dart slugs
  4 endoplasms
  3 giant cockroaches
  A goblin (D:2)
  A hobgoblin (D:1)
  4 jackals (D:3)
  A kobold (D:1)
  A quokka (D:1)
  6 ball pythons
  2 bats (D:2)
  4 rats
35 creatures vanquished.

Notes
Turn   | Place    | Note
-------+----------+-------------------------------------------
     0 | D:1      | horus123 the Tengu Air Elementalist began the quest for the
                  | Orb.
     0 | D:1      | Reached XP level 1. HP: 10/10 MP: 4/4
   210 | D:1      | Reached XP level 2. HP: 15/15 MP: 1/6
   260 | D:1      | Learned a level 2 spell: Static Discharge
  1457 | D:2      | Reached skill level 1 in Shields
  1457 | D:2      | Reached XP level 3. HP: 19/19 MP: 0/7
  1756 | D:2      | Learned a level 3 spell: Swiftness
  2059 | D:2      | Reached XP level 4. HP: 18/24 MP: 2/8
  2734 | D:3      | Noticed a golden eye
  2736 | D:3      | Found a faded altar of an unknown god.
  2738 | D:3      | Noticed a floating eye
  2738 | D:3      | Noticed an eye of devastation
  2738 | D:3      | Noticed an eye of devastation
  2817 | D:3      | Noticed a water moccasin
  2833 | D:3      | HP: 1/24 [poisoned by a water moccasin]
  2834 | D:3      | Succumbed to a water moccasin's poison

Illustrated notes

Levels and vault maps discovered:
D:1:      nzn_arrival_water_spiral, layout_basic, corexii_hall_statues_u,
          grunt_decor_clamped
D:2:      layout_loops_ring
D:3:      minmay_roachtagon, layout_basic,
          hellmonk_ecumenical_altar_watching_god

Skill      XL: |  1  2  3  4 |
---------------+-------------+-----
Shields        | 1 2 3 |  3.1
Dodging        | |  2.2
Stealth        | |  2.2
Spellcasting   | |  2.1
Conjurations   | |  1.4
Air Magic      | |  4.7

Action                   |  1- 3 |  4- 6 || total
-------------------------+-------+-------++-------
 Cast: Shock             |    54 |    28 ||    82
       Static Discharge  |     3 |     2 ||     5
  Use: Scroll            |     4 |       ||     4
       Potion            |       |     1 ||     1
Armor: Robe              |     4 |     2 ||     6
Dodge: Dodged            |    14 |     8 ||    22

Table legend: (Time is in decaauts)
 A = Elapsed time spent in this place.
 B = Non-inter-level travel time spent in this place.
 C = Inter-level travel time spent in this place.
 D = Time resting spent in this place.
 E = Time spent auto-exploring this place.
 F = Levels seen in this place.
 G = Mean time per level.
                   A        B        C        D        E       F      G
               +--------+--------+--------+--------+--------+-----+--------+
         Total |   2843 |   2787 |     56 |    342 |   1954 |   3 |  947.7 |
       Dungeon |   2843 |   2787 |     56 |    342 |   1954 |   3 |  947.7 |
               +--------+--------+--------+--------+--------+-----+--------+

Top non-repeatable levels by time:
     D:1: 1307 daAuts
     D:2: 1243 daAuts
     D:3: 291 daAuts
